 Dungeon Crawl Stone Soup version 0.30.0-15-g856e2d3f33 (webtiles) character file.

Game seed: 17595312030522728261

110 Jackthecabe the Grasshopper (level 4, -1/38 HPs)
             Began as a Gnoll Warper on May 19, 2023.
             Slain by Duvessa
             ... wielding a +0 rapier
              (12 damage)
             ... on level 4 of the Dungeon.
             The game lasted 00:05:44 (3211 turns).

Jackthecabe the Grasshopper (Gnoll Warper)          Turns: 3211, Time: 00:05:45

Health: -1/38      AC:  6    Str: 12    XL:     4   Next: 91%
Magic:  11/11      EV: 12    Int: 13    God:
Gold:   127        SH:  0    Dex: 11    Spells: 13/13 levels left

rFire   . . .        m - +0 halberd
rCold   . . .        (shield currently unavailable)
rNeg    . . .        k - +3 leather armour
rPois   .            (no helmet)
rElec   .            (no cloak)
rCorr   .            (no gloves)
SInv    .            (no boots)
Will    .....        (no amulet)
Stlth   +            (no ring)
HPRegen 0.26/turn    (no ring)
MPRegen 0.12/turn

%: no passive effects
@: no status effects
A: fangs 1, strong nose, distributed training
a: no special abilities


You were on level 4 of the Dungeon.
You visited 1 branch of the dungeon, and saw 4 of its levels.

You collected 127 gold pieces.

Inventory:

Hand Weapons
 a - a +0 spear
 m - a +0 halberd (weapon)
   (You found it on level 2 of the Dungeon)
 o - a +0 dagger of venom
   (You took it off a kobold on level 2 of the Dungeon)
Missiles
 d - 7 boomerangs of dispersal (quivered) {=f}
 n - a javelin
Armour
 k - a +3 leather armour (worn)
   (You found it on level 1 of the Dungeon)
 s - a scarf of harm
   (You found it on level 3 of the Dungeon)
Scrolls
 b - a scroll of vulnerability {unknown}
 c - 2 scrolls of blinking {!r!d}
 e - a scroll of identify {unknown}
 g - a scroll of torment {unknown}
 h - a scroll of teleportation {unknown}
 p - 2 scrolls of noise {unknown}
 r - a scroll of immolation {unknown}
 t - a scroll of fear {unknown}
 u - a scroll of poison {unknown}
 v - a scroll of amnesia {unknown}
Potions
 f - a potion of flight {unknown}
 i - a potion of heal wounds {unknown}
 j - 2 potions of brilliance {unknown}
 l - a potion of cancellation {unknown}
 q - a potion of resistance {unknown}
 w - a potion of curing {unknown}


   Skills:
 + Level 4.7 Fighting
 + Level 1.3 Short Blades
 + Level 1.3 Long Blades
 + Level 1.3 Axes
 + Level 1.3 Maces & Flails
 + Level 4.7 Polearms
 + Level 1.3 Staves
 + Level 1.3 Ranged Weapons
 + Level 2.9 Throwing
 + Level 2.9 Armour
 + Level 4.7 Dodging
 + Level 1.3 Stealth
 + Level 1.3 Shields
 + Level 1.3 Unarmed Combat
 + Level 5.1 Spellcasting
 + Level 1.1 Conjurations
 + Level 1.1 Hexes
 + Level 1.1 Summonings
 + Level 1.1 Necromancy
 + Level 5.5 Translocations
 + Level 1.1 Transmutations
 + Level 1.1 Fire Magic
 + Level 1.1 Ice Magic
 + Level 1.1 Air Magic
 + Level 1.1 Earth Magic
 + Level 1.1 Poison Magic
 + Level 1.5 Invocations
 + Level 1.3 Evocations


You had 13 spell levels left.
You didn't know any spells.
Your spell library contained the following spells:

 Spells                   Type           Power      Damage    Failure   Level
 Blink                    Tloc           34%        N/A       3%          2
 Lesser Beckoning         Tloc           34%        N/A       3%          2
 Teleport Other           Tloc           17%        N/A       8%          3
 Vhi's Electric Charge    Tloc/Air       22%        N/A       19%         3
 Manifold Assault         Tloc           17%        N/A       24%         4


Dungeon Overview and Level Annotations

Branches:
Dungeon (4/15)
 Temple: D:4-7

Altars:
Cheibriados

Shops:
D:2 :   D:3 **((:   D:4 [

Annotations:
D:4 Dowan, Duvessa


Innate Abilities, Weirdness & Mutations

You have very sharp teeth.
Your uncanny sense of smell can sniff out nearby items.
Your experience applies equally to all skills.


Message History

You miss the ufetubus. Your bite misses the ufetubus. The ufetubus hits you. x2
The ufetubus barely misses you. The ufetubus closely misses you.
The hobgoblin hits you.
You take 5 damage, and have 22/38 hp.
You miss the ufetubus.
The ufetubus hits you but does no damage.
The ufetubus barely misses you.
The ufetubus hits you but does no damage.
The ufetubus barely misses you. The hobgoblin barely misses you.
You miss the ufetubus. The ufetubus closely misses you. x2
The hobgoblin hits you but does no damage.
The ufetubus closely misses you. x2
You puncture the ufetubus!
You kill the ufetubus!
The hobgoblin misses you. The hobgoblin hits you.
You take 1 damage, and have 21/38 hp.
You hit the hobgoblin.
The hobgoblin hits you but does no damage.
You barely miss the hobgoblin. The hobgoblin barely misses you.
You closely miss the hobgoblin. Your bite misses the hobgoblin.
The hobgoblin misses you.
You slash the hobgoblin!
You kill the hobgoblin!
No target in view!
No target in view!
No target in view!
No target in view!
No target in view!
No target in view!
A kobold is nearby!
You regained 13 hp, and now have 35/38 hp.
A kobold is nearby!
You see here 10 gold pieces.
You now have 127 gold pieces (gained 10).
The kobold shouts!
You hear a shout!
You puncture the kobold!
You kill the kobold!
No target in view!
No target in view!
Dowan is nearby!
Health restored: 38 Dowan is nearby!
There is a stone staircase leading up here.
Dowan says, "My weaknesses are her strengths!"
Dowan casts a spell.
Dowan blinks!
You climb upwards.
There is a stone staircase leading down here.
You see here a stone.
There is a stone staircase leading down here.
You climb downwards.
Level annotation: Dowan, Duvessa
There is a stone staircase leading up here.
w - a metallic yellow potion
There is an entrance to Xykuuskugoi's Armour Shop here.
Duvessa shouts!
Throw: 5 javelins
Aim: Duvessa, wielding a +0 rapier and wearing a +0 ring mail (67% to hit)
You throw a javelin. The javelin closely misses Duvessa.
Throw: 4 javelins
Aim: Duvessa, wielding a +0 rapier and wearing a +0 ring mail (67% to hit)
You throw a javelin. The javelin pierces through Duvessa.
Throw: 3 javelins
Aim: Duvessa, wielding a +0 rapier and wearing a +0 ring mail (lightly wounded, 67% to hit)
You throw a javelin. The javelin pierces through Duvessa.
Throw: 2 javelins
Aim: Duvessa, wielding a +0 rapier and wearing a +0 ring mail (moderately wounded, 67% to hit)
You throw a javelin.
Dowan shouts!
The javelin pierces through Duvessa.
Duvessa barely misses you.
You hit Duvessa but do no damage. You hit Duvessa.
Duvessa hits you with a +0 rapier.
You take 1 damage, and have 37/38 hp.
You hit Duvessa.
A giant cockroach comes into view.
Duvessa hits you with a +0 rapier. x2
You take 10 damage, and have 27/38 hp.
MASSIVE DAMAGE!!
You hit Duvessa. Dowan barely misses you. Duvessa misses you.
You hit Duvessa but do no damage.
Dowan hits you with a +2 dagger of flaming.
Dowan burns you. Duvessa barely misses you.
You take 5 damage, and have 23/38 hp.
You completely miss Duvessa. Duvessa barely misses you.
Dowan hits you but does no damage.
You hit Duvessa but do no damage. Duvessa hits you with a +0 rapier.
Dowan says, "My weaknesses are her strengths!"
Dowan hits you with a +2 dagger of flaming.
Dowan burns you. Dowan barely misses you. Duvessa closely misses you.
You take 10 damage, and have 13/38 hp.
MASSIVE DAMAGE!!
You barely miss Duvessa.
The giant cockroach bites you but does no damage.
Dowan hits you with a +2 dagger of flaming.
Dowan burns you.
* * * LOW HITPOINT WARNING * * *
Duvessa hits you but does no damage.
You take 2 damage, and have 11/38 hp.
Duvessa barely misses you. Dowan closely misses you.
Duvessa hits you with a +0 rapier!
You die...

.. #.## #..#
#.#### #....#
#....###
#..∩...#
#<...#.##
##@...#..#
.(####eeB..##.#
#...(((........#
##
..).......######
.. ..#######.#
.. #.# ## ..#
###


You could see Duvessa, Dowan and a giant cockroach.

Vanquished Creatures
  4 adders (D:2 D:3)
  An ufetubus (D:4)
  A dart slug (D:1)
  2 orcs (D:4)
  5 endoplasms (D:1 D:2 D:3)
  A giant cockroach (D:2)
  4 goblins (D:1 D:2 D:3)
  7 hobgoblins (D:1 D:2 D:4)
  2 jackals (D:2)
  3 quokkas (D:2 D:3)
  4 ball pythons (D:1 D:3 D:4)
  12 bats (D:1 D:2 D:3)
  3 frilled lizards (D:1 D:3)
  9 kobolds (D:1 D:2 D:3 D:4)
  4 rats (D:1 D:2 D:3)
62 creatures vanquished.

Notes
Turn   | Place    | Note
-------+----------+-------------------------------------------
     0 | D:1      | Jackthecabe the Gnoll Warper began the quest for the Orb.
     0 | D:1      | Reached XP level 1. HP: 20/20 MP: 6/6
   115 | D:1      | HP: 10/20 [rat (3)]
   234 | D:1      | Reached XP level 2. HP: 26/26 MP: 7/7
   830 | D:1      | Found a faded altar of an unknown god.
  1207 | D:2      | Reached skill level 5 in Spellcasting
  1207 | D:2      | Reached XP level 3. HP: 31/31 MP: 7/9
  1476 | D:2      | Reached skill level 1 in Invocations
  1549 | D:2      | Reached skill level 1 in Short Blades
  1549 | D:2      | Reached skill level 1 in Long Blades
  1549 | D:2      | Reached skill level 1 in Axes
  1549 | D:2      | Reached skill level 1 in Maces & Flails
  1549 | D:2      | Reached skill level 1 in Staves
  1549 | D:2      | Reached skill level 1 in Ranged Weapons
  1549 | D:2      | Reached skill level 1 in Stealth
  1549 | D:2      | Reached skill level 1 in Shields
  1549 | D:2      | Reached skill level 1 in Unarmed Combat
  1549 | D:2      | Reached skill level 1 in Evocations
  1570 | D:2      | Found Mesheih's Book Shoppe.
  1622 | D:2      | Found a snail-covered altar of Cheibriados.
  2153 | D:3      | Reached XP level 4. HP: 32/38 MP: 11/11
  2380 | D:3      | Found Doczerer's General Store.
  2400 | D:3      | Found Qanogixae's Antique Weapon Shoppe.
  2450 | D:3      | Reached skill level 1 in Conjurations
  2450 | D:3      | Reached skill level 1 in Hexes
  2450 | D:3      | Reached skill level 1 in Summonings
  2450 | D:3      | Reached skill level 1 in Necromancy
  2450 | D:3      | Reached skill level 1 in Transmutations
  2450 | D:3      | Reached skill level 1 in Fire Magic
  2450 | D:3      | Reached skill level 1 in Ice Magic
  2450 | D:3      | Reached skill level 1 in Air Magic
  2450 | D:3      | Reached skill level 1 in Earth Magic
  2450 | D:3      | Reached skill level 1 in Poison Magic
  2475 | D:3      | Found Caoxkof's Book Shop.
  2539 | D:3      | Found Wyuzemn's Assorted Antiques.
  2692 | D:3      | Found Dogiuh's Antique Weapon Emporium.
  2839 | D:4      | Noticed Duvessa
  2839 | D:4      | Noticed Dowan
  2839 | D:4      | Found Xykuuskugoi's Armour Shop.
  2978 | D:4      | Noticed an ogre
  3208 | D:4      | HP: 17/38 [Duvessa/+0 rapier (6)]
  3211 | D:4      | Slain by Duvessa

Illustrated notes

Levels and vault maps discovered:
D:1:      mrwooster_arrival_statue_2, layout_loops_ring,
          dreamdust_ecumenical_altar_hidden_monk_grotto
D:2:      layout_basic, serial_shops, nicolae_book_shop_shelving, basic_altar
D:3:      layout_loops_ring, serial_shops, shop, nicolae_shop_stone,
          nicolae_shop_hallway_stairs, shop, nicolae_shop_trees
D:4:      layout_rooms, serial_shops, shop, uniq_duvessa

Skill      XL: |  1  2  3  4 |
---------------+-------------+-----
Spellcasting   | 5 |  5.1
Invocations    | 1 |  1.5
Short Blades   | 1 |  1.3
Long Blades    | 1 |  1.3
Axes           | 1 |  1.3
Maces & Flails | 1 |  1.3
Staves         | 1 |  1.3
Ranged Weapons | 1 |  1.3
Stealth        | 1 |  1.3
Shields        | 1 |  1.3
Unarmed Combat | 1 |  1.3
Evocations     | 1 |  1.3
Conjurations   | 1 |  1.1
Hexes          | 1 |  1.1
Summonings     | 1 |  1.1
Necromancy     | 1 |  1.1
Transmutations | 1 |  1.1
Fire Magic     | 1 |  1.1
Ice Magic      | 1 |  1.1
Air Magic      | 1 |  1.1
Earth Magic    | 1 |  1.1
Poison Magic   | 1 |  1.1
Fighting       | |  4.7
Polearms       | |  4.7
Throwing       | |  2.9
Armour         | |  2.9
Dodging        | |  4.7
Translocations | |  5.5

Action                     |  1- 3 |  4- 6 || total
---------------------------+-------+-------++-------
  Melee: Spear             |    73 |       ||    73
         Bite              |     9 |     3 ||    12
         Halberd           |    56 |   101 ||   157
  Throw: Javelin           |       |     4 ||     4
   Stab: Sleeping          |     1 |     3 ||     4
 Armour: Leather armour    |    37 |    55 ||    92
  Dodge: Dodged            |    68 |   105 ||   173

Levels and vault maps discovered:
D:1:      mrwooster_arrival_statue_2, layout_loops_ring,
          dreamdust_ecumenical_altar_hidden_monk_grotto
D:2:      layout_basic, serial_shops, nicolae_book_shop_shelving, basic_altar
D:3:      layout_loops_ring, serial_shops, shop, nicolae_shop_stone,
          nicolae_shop_hallway_stairs, shop, nicolae_shop_trees
D:4:      layout_rooms, serial_shops, shop, uniq_duvessa

Table legend: (Time is in decaauts)
 A = Elapsed time spent in this place.
 B = Non-inter-level travel time spent in this place.
 C = Inter-level travel time spent in this place.
 D = Time resting spent in this place.
 E = Time spent auto-exploring this place.
 F = Levels seen in this place.
 G = Mean time per level.
                   A        B        C        D        E       F      G
               +--------+--------+--------+--------+--------+-----+--------+
         Total |   3247 |   3109 |    138 |     45 |   2519 |   4 |  811.8 |
       Dungeon |   3247 |   3109 |    138 |     45 |   2519 |   4 |  811.8 |
               +--------+--------+--------+--------+--------+-----+--------+

Top non-repeatable levels by time:
     D:2: 1257 daAuts
     D:1: 906 daAuts
     D:3: 861 daAuts
     D:4: 223 daAuts

Table legend:
 A = Kills in this place as a percentage of kills in the entire game.
 B = Kills by you in this place as a percentage of kills by you in the entire game.
 C = Kills by friends in this place as a percentage of kills by friends in the entire game.
 D = Other kills in this place as a percentage of other kills in the entire game.
 E = Experience gained in this place as a percentage of experience gained in the entire game.
 F = Experience gained in this place divided by the number of levels of this place that you have seen.
                   A       B       C       D       E      F
               +-------+-------+-------+-------+-------+----------------------
         Total | 100.0 | 100.0 |   N/A |   N/A | 100.0 |  39.5
       Dungeon | 100.0 | 100.0 |   N/A |   N/A | 100.0 |  39.5
               +-------+-------+-------+-------+-------+----------------------
